 Dungeon Crawl Stone Soup version 0.30.0 (webtiles) character file.

Game seed: 16049522547410601044

595 bjtr the Digger (level 7, -1/36 HPs)
             Began as a Gargoyle Earth Elementalist on May 6, 2023.
             Slain by a killer bee (3 damage)
             ... on level 4 of the Dungeon.
             The game lasted 00:12:34 (4011 turns).

bjtr the Digger (Gargoyle Earth Elementalist)       Turns: 4011, Time: 00:12:36

Health: -1/36      AC:  8    Str: 12    XL:     7   Next: 40%
Magic:  14/14      EV: 12    Int: 17    God:
Gold:   139        SH:  0    Dex: 10    Spells: 9/15 levels left

rFire   . . .        p - +2 whip (elec)
rCold   . . .        (no shield)
rNeg    + . .        a - +1 robe
rPois   ∞            (no helmet)
rElec   +            (no cloak)
rCorr   .            l - +0 pair of gloves
SInv    .            (no boots)
Will    .....        (no amulet)
Stlth   ++           (no ring)
HPRegen 0.26/turn    (no ring)
MPRegen 0.14/turn

%: no passive effects
@: about to teleport
A: sickness immunity, AC +4, negative energy resistance 1, electricity
resistance, torment resistance 1, petrification resistance
a: no special abilities


You were on level 4 of the Dungeon.
You visited 1 branch of the dungeon, and saw 5 of its levels.

You collected 139 gold pieces.

Inventory:

Hand Weapons
 e - a +0 whip
 f - a +1 mace
 i - a +0 sling
 j - a +0 hand axe
 p - a +2 whip of electrocution (weapon)
 t - a +0 quarterstaff
 v - a +0 flail
Missiles
 h - 11 poisoned darts (quivered)
Armour
 a - a +1 robe (worn)
 l - a +0 pair of gloves (worn)
Wands
 r - a wand of paralysis (5)
Scrolls
 d - 3 scrolls of identify
 g - a scroll of enchant armour
 k - a scroll of teleportation
 m - 2 scrolls of magic mapping {unknown}
 o - a scroll of enchant weapon
 q - a scroll of immolation {unknown}
 u - a scroll of fear {unknown}
Potions
 b - a potion of magic
 c - 3 potions of brilliance
 n - a potion of ambrosia
 s - a potion of attraction


   Skills:
 + Level 0.1 Fighting
 + Level 1.9 Dodging
 + Level 2.3 Stealth
 * Level 4.7 Spellcasting
 * Level 2.5 Conjurations
 - Level 0.7 Transmutations
 * Level 6.4 Earth Magic
 * Level 2.0 Evocations


You had 9 spell levels left.
You knew the following spells:

 Your Spells              Type           Power      Damage    Failure   Level
a - Sandblast             Erth           52%        2d12      1%          1
b - Passwall              Tmut/Erth      13%        N/A       4%          2
c - Stone Arrow           Conj/Erth      38%        3d9       7%          3

Your spell library contained the following spells:

 Spells                   Type           Power      Damage    Failure   Level
 Wereblood                Tmut           6%         N/A       16%         2
 Petrify                  Tmut/Erth      16%        N/A       32%         4
 Animate Armour           Summ/Erth      30%        N/A       36%         4
 Ozocubu's Armour         Ice            4%         N/A       41%         3
 Blade Hands              Tmut           3%         N/A       96%         5
 Iron Shot                Conj/Erth      9%         9d3       98%         6
 Metabolic Englaciation   Hex/Ice        2%         N/A       99%         5
 Simulacrum               Ice/Necr       2%         N/A       100%        6
 Summon Hydra             Summ           2%         N/A       100%        7
 Sublimation of Blood     Necr           Unusable   N/A       N/A         2

Dungeon Overview and Level Annotations

Branches:
Dungeon (5/15)
 Temple: D:4-7

Altars:
Trog


Innate Abilities, Weirdness & Mutations

You are immune to sickness and miasma.
Your stone body is resilient. (AC +4)
You are immune to poison.
You resist negative energy. (rN+)
You are resistant to electric shocks. (rElec)
You are resistant to unholy torment.
You are immune to petrification.


Message History

s - a potion of attraction Unknown command.
You climb downwards.
The killer bee stings you but does no damage.
The killer bee barely misses you.
The killer bee stings you but does no damage.
The killer bee barely misses you. The black bear bites you.
The black bear claws you. The black bear completely misses you.
The killer bee misses you. The killer bee closely misses you. x2
The black bear bites you. The black bear claws you.
The black bear closely misses you. The killer bee misses you.
The killer bee stings you but does no damage.
There is a stone staircase leading up here.
The killer bee completely misses you. The killer bee barely misses you.
The killer bee stings you. The killer bee barely misses you.
The killer bee stings you but does no damage.
The black bear bites you but does no damage.
The black bear closely misses you. The black bear barely misses you.
The killer bee closely misses you.
You climb upwards.
There is a stone staircase leading down here.
As you read the scroll labelled NUHIMU HIANOQE, it crumbles to dust.
You feel strangely unstable.
It was a scroll of teleportation.
The killer bee stings you. The killer bee stings you!
The killer bee stings you.
The black bear bites you but does no damage.
The black bear closely misses you.
The black bear claws you but does no damage.
The killer bee stings you.
* * * LOW HITPOINT WARNING * * *
The killer bee barely misses you.
The killer bee stings you but does no damage.
Unknown command.
The killer bee closely misses you. The killer bee stings you.
* * * LOW HITPOINT WARNING * * *
The killer bee stings you but does no damage.
The killer bee stings you.
* * * LOW HITPOINT WARNING * * *
The killer bee stings you.
You die...

............##.......##.......#..
......#.....##.......##.......##.
##....#.)..............)......†..
##....#..........................
####.).......##........###+#.....
####.........##...#....# #.......
.............##...#....# #.......
..............#####....###.......
..............hy@................
...............yy................
...............†.................
......[......###.................
......##.....+.'...........#.....
......##.....###...####....#.####
..#....#.....########........#
..#....#.#.####...# #.#....######
..#........####...###......'.....


You could see a black bear and 3 killer bees.

Vanquished Creatures
  An ogre (D:4)
  A black bear (D:4)
  A scorpion (D:4)
  2 killer bees (D:4)
  3 orc priests
  A hound (D:4)
  An iguana (D:2)
  An orc wizard (D:4)
  7 adders
  2 dart slugs
  2 orcs (D:4)
  4 ball pythons
  5 endoplasms
  2 giant cockroaches (D:1)
  3 goblins
  2 hobgoblins
  5 quokkas
  2 bats
  2 frilled lizards
  5 kobolds
  4 rats
56 creatures vanquished.

Notes
Turn   | Place    | Note
-------+----------+-------------------------------------------
     0 | D:1      | bjtr the Gargoyle Earth Elementalist began the quest for
                  | the Orb.
     0 | D:1      | Reached XP level 1. HP: 10/10 MP: 3/3
   133 | D:1      | Found a faded altar of an unknown god.
   191 | D:1      | Reached XP level 2. HP: 15/15 MP: 3/5
   416 | D:1      | Reached skill level 4 in Earth Magic
   620 | D:1      | Reached skill level 1 in Conjurations
  1118 | D:2      | Reached XP level 3. HP: 19/19 MP: 3/6
  1121 | D:2      | Learned a level 2 spell: Passwall
  1125 | D:2      | Learned a level 3 spell: Stone Arrow
  1285 | D:2      | Found a bloodstained altar of Trog.
  1456 | D:2      | Reached XP level 4. HP: 13/24 MP: 1/8
  2150 | D:3      | Reached skill level 1 in Evocations
  2663 | D:4      | Reached XP level 5. HP: 23/28 MP: 5/9
  2798 | D:4      | Reached skill level 5 in Earth Magic
  3006 | D:4      | Noticed an ogre
  3013 | D:4      | Killed an ogre
  3014 | D:4      | Reached XP level 6. HP: 32/32 MP: 7/11
  3269 | D:4      | Noticed a black bear
  3283 | D:4      | Killed a black bear
  3476 | D:4      | Reached skill level 6 in Earth Magic
  3695 | D:5      | Entered Level 5 of the Dungeon
  3714 | D:5      | Reached XP level 7. HP: 36/36 MP: 11/13
  4011 | D:4      | Slain by a killer bee

Illustrated notes

Levels and vault maps discovered:
D:1:      ebering_hopf_link, layout_basic,
          hellmonk_ecumenical_altar_defaced_shrine
D:2:      layout_loops_ring, serial_forest, infiniplex_forest_clump_curved,
          infiniplex_forest_corner_1, infiniplex_forest_zigzag_2,
          infiniplex_forest_zigzag_1, infiniplex_forest_clump_long,
          infiniplex_forest_clump_small, infiniplex_forest_lined_room_2,
          infiniplex_forest_end_2, basic_altar
D:3:      layout_loops_ring, minmay_misc_feat_enclosed
D:4:      layout_basic
D:5:      layout_cave_pools, lemuel_temple_firewalk_b, serial_column_ruins,
          column_ruins_hut, column_ruins_hut, column_ruins_open_small,
          column_ruins_open_medium, column_ruins_open_small,
          column_ruins_grid_1, serial_shops, shop

Skill      XL: |  1  2  3  4  5  6  7 |
---------------+----------------------+-----
Earth Magic    | 4 5 6 |  6.4
Conjurations   | 1 2 |  2.5
Spellcasting   | 3 4 |  4.7
Evocations     | 1 2 |  2.0
Fighting       | |  0.1
Dodging        | |  1.9
Stealth        | |  2.3
Transmutations | |  0.7

Action                     |  1- 3 |  4- 6 |  7- 9 || total
---------------------------+-------+-------+-------++-------
  Melee: Unarmed           |     6 |       |       ||     6
         Mace              |     1 |     3 |       ||     4
  Throw: Dart              |       |     4 |     1 ||     5
   Cast: Sandblast         |    32 |    62 |    18 ||   112
  Evoke: Wand              |       |     4 |       ||     4
    Use: Scroll            |     4 |       |     3 ||     7
 Armour: Robe              |     8 |    15 |    24 ||    47
  Dodge: Dodged            |    11 |    16 |    48 ||    75
